 Dungeon Crawl Stone Soup version 0.18-a0-918-g58938db (webtiles) character file.

120 Morbidden the Ruffian (level 4, 0/35 HPs)
             Began as a Draconian Transmuter on Dec 27, 2015.
             Slain by Grinder (6 damage)
             ... while paralysed by Grinder
             ... on level 3 of the Dungeon.
             The game lasted 00:07:38 (1960 turns).

Morbidden the Ruffian (Draconian Transmuter)        Turns: 1960, Time: 00:07:38

Health: 0/35       AC: 10    Str: 13    XL:     4   Next: 75%
Magic:  5/7        EV:  2    Int: 14    God:
Gold:   109        SH:  0    Dex: 11    Spells: 2 memorised, 5 levels left

rFire  . . .     SeeInvis .       - Unarmed
rCold  . . .     Gourm    .     (armour unavailable)
rNeg   . . .     Faith    .     (no shield)
rPois  .         Spirit   .     (helmet restricted)
rElec  .         Dismiss  .     o - +1 cloak
rCorr  .         Reflect  .     n - +2 pair of gloves
SustAt .         Harm     .     (no boots)
MR     .....                    (no amulet)
Stlth  +.........               (no ring)
                                (no ring)

@: paralysed, appendage (expiring), not resistant to hostile enchantments, very
unstealthy
A: unfitting armour, horns 2, cold-blooded, AC +5
a: End Transformation


You were on level 3 of the Dungeon.
You were not hungry.
You had grown temporary horns.
You visited 1 branch of the dungeon, and saw 3 of its levels.

You collected 109 gold pieces.

Inventory:

Armour
 n - a +2 pair of gloves (worn)
 o - a +1 cloak (worn)
Scrolls
 d - a scroll of amnesia {unknown}
 e - a scroll of remove curse
 f - 2 scrolls of identify
 g - a scroll of recharging {unknown}
 h - a scroll of magic mapping {unknown}
 l - a scroll of enchant weapon {unknown}
Potions
 j - 2 potions of might
 k - a potion of agility {unknown}
 q - a potion of poison {unknown}
 r - a potion of berserk rage {unknown}
Books
 b - a book of Changes

   Spells                             Type                      Level
   a - Beastly Appendage              Transmutation                1
   b - Sticks to Snakes               Transmutation                2
   c - Spider Form                    Transmutation/Poison         3
   d - Ice Form                       Ice/Transmutation            4
   e - Blade Hands                    Transmutation                5
 m - a book of Minor Magic

   Spells                             Type                      Level
   a - Magic Dart                     Conjuration                  1
   b - Blink                          Translocation                2
   c - Call Imp                       Summoning                    2
   d - Repel Missiles                 Charms/Air                   2
   e - Slow                           Hexes                        2
   f - Conjure Flame                  Conjuration/Fire             3
   g - Mephitic Cloud                 Conjuration/Poison/Air       3
Comestibles
 a - a beef jerky
 c - 3 bread rations
 i - a slice of pizza
 p - a meat ration


   Skills:
 - Level 1.1 Fighting
 - Level 1.7 Dodging
 + Level 4.6 Unarmed Combat
 - Level 2.0 Spellcasting
 * Level 1.3 Conjurations
 + Level 3.1 Transmutations


You had 5 spell levels left.
You knew the following spells:

 Your Spells              Type           Power        Failure   Level  Hunger
a - Magic Dart            Conj           #...         17%         1    ##.....
s - Beastly Appendage     Trmt           ##....       10%         1    ##.....


Dungeon Overview and Level Annotations

Branches:
Dungeon (3/15)

Altars:
Nemelex Xobeh

Annotations:
D:3 Grinder


Innate Abilities, Weirdness & Mutations

Your plain brown scales are hard (AC +5).
Your body does not fit into most forms of armour.
You are cold-blooded and may be slowed by cold attacks.
You have a pair of horns on your head.


Message History

Confirm with . or Enter, or press ? or * to list all spells.
You grow a pair of large bovine horns.
Casting: Beastly Appendage
Confirm with . or Enter, or press ? or * to list all spells.
Aiming: Magic Dart
Press: ? - help, Shift-Dir - straight line, f - Grinder
Aim: Grinder The magic dart hits Grinder.
Grinder is lightly wounded.
Grinder gestures at you.
You suddenly lose the ability to move!
Grinder hits you.
You writhe in agony.
Grinder hits you.
You writhe in agony.
Grinder hits you but does no damage.
Your transformation is almost over.
Grinder gestures at you. Pain shoots through your body!
* * * LOW HITPOINT WARNING * * *
Grinder hits you.
You die...

### ... ..## #.#
.....##.#######
#....5...... #.##@##
#.....# ### #.....#
#.. #.###.# #.# ...
#.# #.# ..## #.# #.#
..######.# #.#
........###
.##.#####...........#


You could see Grinder.

Vanquished Creatures
  Jessica (D:3)
  4 adders (D:2)
  An ooze (D:1)
  3 worms (D:2)
  A giant gecko (D:3)
  5 bats
  A giant cockroach (D:1)
  5 hobgoblins
  5 giant newts
  5 goblins
  4 jackals (D:1)
  7 kobolds
  6 rats
48 creatures vanquished.

Notes
Turn   | Place    | Note
--------------------------------------------------------------
     0 | D:1      | Morbidden the Draconian Transmuter began the quest for the Orb.
     0 | D:1      | Reached XP level 1. HP: 16/16 MP: 3/3
   435 | D:1      | Reached XP level 2. HP: 20/23 MP: 3/5
   846 | D:2      | Reached XP level 3. HP: 21/28 MP: 6/6
  1080 | D:2      | Reached skill level 4 in Unarmed Combat
  1108 | D:2      | Learned a level 1 spell: Magic Dart
  1315 | D:2      | Found a sparkling altar of Nemelex Xobeh.
  1455 | D:2      | Reached XP level 4. HP: 30/35 MP: 3/7
  1587 | D:2      | Reached skill level 1 in Conjurations
  1859 | D:3      | Noticed Jessica
  1865 | D:3      | Killed Jessica
  1953 | D:3      | Noticed Grinder
  1955 | D:3      | Paralysed by Grinder for 6 turns
  1960 | D:3      | Slain by Grinder

Vault maps used:
D:1:      dpeg_arrival_windows_large_door, minmay_strange_pillars,
          nrook_mini_vaults
D:2:      nemelex_spade_bored_becter
D:3:      first_bread, uniq_natasha, uniq_grinder, uniq_jessica

Action                   |  1- 3 |  4- 6 || total
-------------------------+-------+-------++-------
Melee: Unarmed           |   149 |    29 ||   178
 Cast: Beastly Appendage |    23 |     7 ||    30
       Magic Dart        |     2 |     9 ||    11
  Use: Scroll            |       |     2 ||     2
  Eat: Chunk             |     1 |     3 ||     4
